 Dungeon Crawl Stone Soup version 0.17-a0-2093-gc772f4b (webtiles) character file.

53995 brucemayne the Executioner (level 14, -3/124 HPs)
             Began as a Hill Orc Berserker on Oct 16, 2015.
             Was a High Priest of Trog.
             Slain by a 12-headed hydra (6 damage)
             ... on level 6 of the Lair of Beasts.
             The game lasted 00:48:14 (6996 turns).

brucemayne the Executioner (Hill Orc Berserker)     Turns: 6996, Time: 00:48:14

Health: -3/124     AC: 17    Str: 22    XL:     14   Next: 70%
Magic:  18/18      EV: 11    Int:  9    God:    Trog [*****.]
Gold:   714        SH:  0    Dex: 14    Spells: 0 memorised, 13 levels left

rFire  . . .     SeeInvis .     o - +9 executioner's axe of Ronkudu {venom, Dex+3}
rCold  . . .     Clarity  .     s - +0 plate armour
rNeg   . . .     SustAt   .     (no shield)
rPois  .         Gourm    .     y - +1 hat
rElec  .         Spirit   .     (no cloak)
rCorr  .         Warding  .     k - +1 pair of gloves
rMut   .         Stasis   .     (no boots)
MR     ++...                    d - amulet of regeneration
Stlth  ..........               q - ring of protection from magic
                                I - +4 ring of evasion

@: very resistant to hostile enchantments, extremely unstealthy
A: no striking features
a: Burn Spellbooks, Berserk, Trog's Hand, Brothers in Arms, Renounce Religion


You were on level 6 of the Lair of Beasts.
You worshipped Trog.
Trog was extremely pleased with you.
You were near starving.

You visited 3 branches of the dungeon, and saw 25 of its levels.
You also visited: Ice Cave.

You collected 1443 gold pieces.
You spent 729 gold pieces at shops.

Inventory:

Hand Weapons
 o - the +9 executioner's axe of Ronkudu (weapon) {venom, Dex+3}
   (You found it on level 8 of the Lair of Beasts)

   It poisons the flesh of those it strikes.
   It affects your dexterity (+3).
 t - the +11 executioner's axe "Tymn" {elec, +Fly Stlth+}
   (Trog gifted it to you on level 6 of the Lair of Beasts)

   Occasionally, upon striking a foe, it will discharge some electrical energy
   and cause terrible harm.
   It lets you fly.
   It makes you more stealthy.
 O - a +3 antimagic battleaxe
 Q - a +1 battleaxe of electrocution
Missiles
 p - 11 curare-tipped needles
 J - a throwing net (quivered)
Armour
 k - a +1 pair of gloves (worn)
 s - a +0 plate armour (worn)
 y - a +1 hat (worn)
Jewellery
 d - an amulet of regeneration (around neck)
 g - the amulet of Suicidal Tendencies {Ward rN+ MP+9 Slay+2}
   (You found it on level 5 of the Dungeon)

   [amulet of warding]

   It may prevent the melee attacks of summoned creatures.
   It affects your accuracy and damage with ranged weapons and melee attacks
   (+2).
   It protects you from negative energy.
   It affects your magic capacity (+9).
 h - an uncursed ring of ice
 m - an uncursed ring of teleportation
 q - a ring of protection from magic (right hand)
 w - an uncursed ring of see invisible
 I - a +4 ring of evasion (left hand)
 N - an uncursed amulet of resist mutation
 V - a +3 ring of evasion
Wands
 v - a wand of paralysis (7)
 x - a wand of confusion (24)
 z - a wand of cold (7)
 A - a wand of fire (8)
 L - a wand of fireball (6)
 M - a wand of random effects (10)
 X - a wand of teleportation (2)
Scrolls
 b - a scroll of blinking
 i - 3 scrolls of recharging
 l - a scroll of enchant armour
 n - 4 scrolls of remove curse
 G - 2 scrolls of immolation {unknown}
 P - a scroll of vulnerability {unknown}
 S - a scroll of enchant weapon {unknown}
 W - 4 scrolls of amnesia {unknown}
Potions
 a - 2 potions of magic
 e - a potion of invisibility
 j - 3 potions of berserk rage {unknown}
 r - 2 potions of flight {unknown}
 u - a potion of haste {unknown}
 D - a potion of lignification {unknown}
 F - a potion of degeneration {unknown}
 H - a potion of heal wounds {unknown}
 U - 2 potions of agility
 Z - 2 potions of curing
Books
 B - a book of the Warp

   Spells                             Type                      Level
   a - Recall                         Summoning/Translocation      3
   b - Gell's Gravitas                Hexes/Translocation          3
   c - Force Lance                    Conjuration/Translocation    4
   d - Phase Shift                    Translocation                5
   e - Warp Weapon                    Charms/Translocation         5
   f - Summon Forest                  Summoning/Translocation      5
   Trog disapproves of the use of such an item.
 C - a book of the Tempests

   Spells                             Type                      Level
   a - Static Discharge               Conjuration/Air              3
   b - Lightning Bolt                 Conjuration/Air              5
   c - Fireball                       Conjuration/Fire             5
   d - Tornado                        Air                          9
   e - Shatter                        Earth                        9
   Trog disapproves of the use of such an item.
 K - a book of Frost

   Spells                             Type                      Level
   a - Freeze                         Ice                          1
   b - Throw Frost                    Conjuration/Ice              2
   c - Ozocubu's Armour               Charms/Ice                   3
   d - Throw Icicle                   Conjuration/Ice              4
   e - Summon Ice Beast               Ice/Summoning                4
   f - Condensation Shield            Ice                          4
   Trog disapproves of the use of such an item.
 R - a book of Alchemy

   Spells                             Type                      Level
   a - Sublimation of Blood           Necromancy                   2
   b - Ignite Poison                  Fire/Transmutation/Poison    3
   c - Alistair's Intoxication        Transmutation/Poison         4
   d - Condensation Shield            Ice                          4
   e - Petrify                        Transmutation/Earth          4
   f - Irradiate                      Conjuration/Transmutation    5
   Trog disapproves of the use of such an item.
Comestibles
 c - 3 bread rations
 f - 7 fruits
 E - 2 meat rations


   Skills:
 - Level 11.4 Fighting
 + Level 24.1 Axes
 - Level 10.0 Armour
 - Level 1.5 Dodging
 - Level 6.2 Evocations


You had 13 spell levels left.
You didn't know any spells.

Dungeon Overview and Level Annotations

Branches:
Dungeon (13/15)              Lair (8/8) D:8           Slime (0/6) Lair:6
    Orc (4/4) D:10
 Temple: D:4-7        Swamp: Lair:3-6    Shoals: Lair:3-6     Snake: Lair:3-6
 Spider: Lair:3-6       Elf: Orc:3-4     Vaults: D:13-14

Altars:
Gozag
Makhleb
Sif Muna
Beogh

Shops:
D:9 (   Orc:2 =   Orc:3 *   Orc:4 (%%%(

Portals:
Hell: Lair:8

Annotations:
D:9 exclusion: orange crystal statue
Lair:5 exclusion: downstairs


Message History

The 11-headed hydra bites you! The 11-headed hydra bites you.
* * * LOW HITPOINT WARNING * * *
The 11-headed hydra bites you.
* * * LOW HITPOINT WARNING * * *
The 11-headed hydra bites you but does no damage.
The 11-headed hydra bites you.
* * * LOW HITPOINT WARNING * * *
The 11-headed hydra barely misses you.
You hack one of the 11-headed hydra's heads off!
The ten-headed hydra grows two more!
You slice the 12-headed hydra!!
The 12-headed hydra is severely wounded.
The 12-headed hydra bites you but does no damage.
The 12-headed hydra misses you. The 12-headed hydra bites you!
* * * LOW HITPOINT WARNING * * *
The 12-headed hydra bites you.
* * * LOW HITPOINT WARNING * * *
The 12-headed hydra bites you!
* * * LOW HITPOINT WARNING * * *
The 12-headed hydra bites you.
You die...

.........## ##..#....##
.........# #####...P#
..#P..P.## ##..##
###P.##.# #...# #### ..#
#..P# ###..P#. ....
#######..####.......
.....#P...P.+.#.##P......
#...l.........#P.......
.#.#D@.....P.+P.......
#.......#............
#...P................
#...P...#.P....†.....
#...........###†.....
###.........# ###P.P#
...#.##..## ##... +##
########### #..# ..# #P..


You could see a 12-headed hydra and a basilisk.

Vanquished Creatures
  Rupert (D:12)
  Gastronok (D:8)
  Snorg (Orc:3)
  4 hydras
  Harold (D:10)
  6 death yaks (Lair:6)
  Urug (D:12)
  Nergalle (Orc:1)
  A hill giant (D:12)
  A lindwurm (Lair:7)
  An ice statue (IceCv)
  Pikel (D:9)
  A wizard (Lair:8)
  2 orc knights (Orc:4)
  An orc sorcerer (Orc:4)
  A sixfirhy (Lair:8)
  2 griffons
  A smoke demon (Lair:8)
  10 elephants
  4 black mambas
  2 gargoyles (D:12)
  7 orange demons (Lair:8)
  4 spiny frogs
  A kobold demonologist (D:12)
  A hellwing (Lair:8)
  5 fire drakes
  2 komodo dragons (Lair:8)
  A troll (D:11)
  2 blue devils (Lair:8)
  A red devil (Lair:8)
  19 blink frogs
  3 slime creatures (D:12)
  A deep elf mage (D:12)
  7 wyverns
  17 yaks
  3 basilisks
  4 fire bats (D:11)
  A steam dragon (D:10)
  9 hippogriffs
  2 vampire mosquitoes (D:12)
  3 wolves (Lair:4)
  4 hell hounds
  11 water moccasins
  4 sky beasts
  3 slaves (D:9)
  16 orc warriors
  An eye of draining (D:11)
  A porcupine (Lair:5)
  A black bear (D:8)
  16 ice beasts
  A centaur (D:11)
  7 ogres
  16 crocodiles
  8 giant frogs
  4 big kobolds
  2 wyvern zombies
  A wyvern skeleton (D:12)
  A scorpion (D:12)
  5 wights (D:11)
  10 jellies (Lair:6)
  4 killer bees (D:11)
  2 electric eels (Lair:4)
  A crimson imp (D:7)
  3 giant frog skeletons
  3 hounds
  16 orc priests
  A quasit (D:10)
  2 giant frog zombies
  7 worker ants
  16 orc wizards
  4 iguanas
  A hound skeleton (D:7)
  6 adders
  24 river rats
  3 oozes
  An adder skeleton (D:6)
  113 orcs
  A hobgoblin (D:1)
  5 jackals
  A quokka (D:8)
  A ball python (D:4)
  A bat (D:2)
  A giant newt (D:1)
  7 kobolds
  2 rats
  A fungus (Lair:8)
  A plant (Lair:2)
477 creatures vanquished.

Vanquished Creatures (collateral kills)
  A dire elephant (Lair:8)
  A hydra (Lair:8)
  3 orc high priests (Orc:4)
  An ice statue (IceCv)
  2 orc knights (Orc:4)
  2 orc sorcerers (Orc:4)
  A black mamba (Lair:8)
  A spiny frog (Lair:6)
  A hippogriff (Lair:8)
  A crocodile (Lair:8)
  An orc priest (Orc:4)
  2 orc wizards (Orc:4)
  A river rat (Lair:8)
  An orc (Orc:4)
19 creatures vanquished.

Vanquished Creatures (others)
  12 fungi
  7 plants
19 creatures vanquished.

Grand Total: 515 creatures vanquished

Notes
Turn   | Place    | Note
--------------------------------------------------------------
     0 | D:1      | brucemayne the Hill Orc Berserker began the quest for the Orb.
     0 | D:1      | Reached XP level 1. HP: 19/19 MP: 1/1
   124 | D:2      | Reached skill level 5 in Axes
   124 | D:2      | Reached XP level 2. HP: 23/26 MP: 2/2
   243 | D:4      | Reached XP level 3. HP: 31/31 MP: 3/3
   306 | D:5      | Entered Level 5 of the Dungeon
   332 | D:5      | Reached skill level 6 in Axes
   344 | D:5      | Reached XP level 4. HP: 36/39 MP: 4/4
   404 | D:3      | Found a faded altar to an unknown god.
   475 | D:5      | Reached skill level 7 in Axes
   475 | D:5      | Reached XP level 5. HP: 13/45 MP: 1/5
   480 | D:5      | Got a translucent iron amulet
   489 | D:5      | Found a deep blue altar of Sif Muna.
   542 | D:6      | Reached skill level 8 in Axes
   567 | D:6      | Noticed an ogre
   577 | D:6      | Killed an ogre
   577 | D:6      | Reached XP level 6. HP: 51/51 MP: 2/6
   582 | D:6      | Noticed an ogre
   593 | D:6      | Killed an ogre
   593 | D:6      | Reached skill level 9 in Axes
   631 | D:6      | Found an opulent altar of Gozag.
   726 | D:7      | Identified the amulet of Suicidal Tendencies {Ward rN+ MP+9 Slay+2} (You found it on level 5 of the Dungeon)
   753 | D:7      | Reached skill level 10 in Axes
   753 | D:7      | Reached XP level 7. HP: 57/57 MP: 2/7
   777 | D:7      | Reached ** piety under Trog
   853 | D:7      | Paralysed by a crimson imp for 2 turns
   870 | D:8      | Found a staircase to the Lair.
   870 | D:8      | Noticed a fire drake
   880 | D:8      | Killed a fire drake
   880 | D:8      | Reached skill level 11 in Axes
   908 | D:8      | Reached XP level 8. HP: 49/66 MP: 8/8
  1014 | D:8      | Reached skill level 5 in Fighting
  1059 | D:8      | Reached skill level 12 in Axes
  1152 | D:7      | Noticed a hungry ghost
  1232 | D:8      | Noticed Gastronok
  1337 | D:8      | Killed Gastronok
  1337 | D:8      | Reached skill level 14 in Axes
  1337 | D:8      | Reached XP level 9. HP: 66/74 MP: 9/9
  1432 | D:10     | Entered Level 10 of the Dungeon
  1555 | D:10     | Noticed Harold
  1580 | D:10     | Killed Harold
  1580 | D:10     | Reached XP level 10. HP: 74/81 MP: 10/10
  1674 | D:11     | Identified a scroll of acquirement
  1696 | D:11     | Reached skill level 15 in Axes
  1863 | D:11     | Reached *** piety under Trog
  2038 | D:12     | Reached skill level 16 in Axes
  2193 | D:12     | Noticed Rupert
  2220 | D:12     | Noticed Urug
  2220 | D:12     | Noticed a hill giant
  2238 | D:12     | Killed a hill giant
  2238 | D:12     | Reached XP level 11. HP: 92/92 MP: 11/11
  2244 | D:12     | Killed Urug
  2270 | D:12     | Reached skill level 17 in Axes
  2297 | D:11     | Reached **** piety under Trog
  2402 | D:12     | Killed Rupert
  2402 | D:12     | Reached skill level 18 in Axes
  2722 | D:11     | Reached skill level 19 in Axes
  3087 | D:9      | Noticed Pikel
  3101 | D:9      | Killed Pikel
  3101 | D:9      | Reached XP level 12. HP: 100/100 MP: 12/12
  3113 | D:9      | Found Awkocw's Weapon Boutique.
  3177 | D:9      | Noticed an orange crystal statue
  3231 | D:9      | Found a roughly hewn altar of Beogh.
  3239 | D:9      | Reached ***** piety under Trog
  3776 | D:10     | Found a staircase to the Orcish Mines.
  3785 | Orc:1    | Entered Level 1 of the Orcish Mines
  3785 | Orc:1    | Noticed Nergalle
  3798 | Orc:1    | Killed Nergalle
  3798 | Orc:1    | Reached skill level 20 in Axes
  3880 | Orc:2    | Found Wumnox's Jewellery Emporium.
  3883 | Orc:2    | Bought a cursed ring of teleportation for 188 gold pieces
  3915 | Orc:3    | Noticed Snorg
  3934 | Orc:3    | Killed Snorg
  4149 | Orc:1    | Received a gift from Trog
  4220 | Orc:4    | Entered Level 4 of the Orcish Mines
  4265 | Orc:3    | Found Jupase's General Store.
  4361 | Orc:4    | Found Jexziday's Weapon Emporium.
  4419 | Orc:4    | Received a gift from Trog
  4527 | Orc:4    | Noticed an orc high priest
  4533 | Orc:4    | Killed an orc high priest
  4535 | Orc:4    | Reached skill level 21 in Axes
  4577 | Orc:4    | Noticed an orc high priest
  4579 | Orc:4    | Noticed an orc high priest
  4583 | Orc:4    | Killed an orc high priest
  4587 | Orc:4    | Killed an orc high priest
  4589 | Orc:4    | Found Suasaph's Weapon Emporium.
  4589 | Orc:4    | Found Sefiemm's Food Shop.
  4591 | Orc:4    | Found Nohuwk's Food Emporium.
  4591 | Orc:4    | Found Finac's Food Shop.
  4597 | Orc:4    | Bought 3 curare-tipped needles for 21 gold pieces
  4697 | Orc:2    | Bought an uncursed amulet of resist mutation for 520 gold pieces
  4926 | Lair:1   | Entered Level 1 of the Lair of Beasts
  5026 | Lair:2   | Reached skill level 1 in Evocations
  5137 | Lair:4   | Found a frozen archway.
  5160 | Lair:4   | Received a gift from Trog
  5163 | Lair:4   | Reached XP level 13. HP: 110/110 MP: 15/15
  5175 | IceCv    | Entered an ice cave
  5407 | Lair:5   | Received a gift from Trog
  5486 | Lair:5   | Reached skill level 10 in Fighting
  5486 | Lair:5   | Reached skill level 5 in Evocations
  5846 | Lair:8   | Entered Level 8 of the Lair of Beasts
  5886 | Lair:8   | Reached skill level 10 in Armour
  5967 | Lair:8   | Received a gift from Trog
  5979 | Lair:8   | Noticed a dire elephant
  5985 | Lair:8   | Killed a dire elephant
  6040 | Lair:8   | Reached skill level 22 in Axes
  6073 | Lair:8   | Found a burning altar of Makhleb.
  6127 | Lair:8   | Reached XP level 14. HP: 89/124 MP: 8/18
  6246 | Lair:8   | Found a gateway to Hell.
  6271 | Lair:8   | Got a twisted executioner's axe
  6273 | Lair:8   | Identified the +9 executioner's axe of Ronkudu {venom, Dex+3} (You found it on level 8 of the Lair of Beasts)
  6409 | Lair:8   | Reached skill level 23 in Axes
  6637 | Lair:6   | Received a gift from Trog
  6648 | Lair:6   | Got a transparent executioner's axe {god gift}
  6661 | Lair:6   | HP: 2/124 [fire drake/blast of flame (28)]
  6667 | Lair:7   | Identified the +11 executioner's axe "Tymn" {elec, +Fly Stlth+} (Trog gifted it to you on level 6 of the Lair of Beasts)
  6668 | Lair:7   | wotttt
  6668 | Lair:7   | Tyvm.
  6860 | Lair:6   | Found a staircase to the Slime Pits.
  6945 | Lair:6   | Reached skill level 24 in Axes
  6996 | Lair:6   | HP: 3/124 [12-headed hydra (10)]
  6996 | Lair:6   | Slain by a 12-headed hydra

Vault maps used:
D:1:      dpeg_arrival_rooms_with_view
D:2:      serial_glass, glass_columns_c, glass_columns_c, minivault_27
D:3:      ecumenical_altar_2, first_bread
D:4:      kennysheep_big_flooded_room, enter_ossuary_3, grunt_ministairs_1,
          uniq_crazy_yiuf_cottage
D:5:      basic_altar
D:6:      kennysheep_mini_moat, vehumet_altar_wand_db
D:7:      kennysheep_seaside_town, minmay_temple_entry_butterflies, uniq_duvessa
D:8:      minmay_lair_entry_lava, uniq_gastronok
D:9:      minmay_separated_statues, special_room, serial_shops, shop, uniq_pikel
D:10:     orc_0_dummy, uniq_harold
D:11:     statuecave_lemuel, eino_jars, hangedman_incinerator
D:12:     uniq_urug, uniq_rupert
Lair:2:   infiniplex_staircase_pool
Lair:3:   elwin_shoals_entry_stream
Lair:4:   spider_nest_entry_rubble, portal_ice_cave_entry_ice_beasts,
          nicolae_quartered_pool_medium, cheibrodos_lair_caveside_slide
Lair:5:   serial_bayou_pond_e, bh_autumn_forest_stairs
Lair:6:   minmay_slime_entry_jelly_boxes
Lair:7:   serial_bayou_shore_b, grunt_megastairs_3, lemuel_fruit_fields
Lair:8:   evil_forest, eino_small_chamber_without_monster, grunt_megastairs_2
Orc:1:    uniq_nergalle
Orc:2:    serial_shops, nicolae_shop_behind_doors
Orc:3:    serial_shops, nicolae_shop_crystal, nicolae_orc_pool_cavern,
          uniq_nessos, uniq_snorg, uniq_erolcha
Orc:4:    grunt_orc_tribal_feast, serial_shops,
          nicolae_shop_temple_entry_statues_fountains
IceCv:    ice_cave_statue_garden_01

Action                   |  1- 3 |  4- 6 |  7- 9 | 10-12 | 13-15 || total
-------------------------+-------+-------+-------+-------+-------++-------
Melee: Hand axe          |    56 |    58 |     5 |       |       ||   119
       War axe           |       |       |   139 |   196 |       ||   335
       Battleaxe         |       |       |       |   445 |   294 ||   739
       Executioner's axe |       |       |       |       |   132 ||   132
Throw: Throwing net      |       |       |     1 |       |       ||     1
Invok: Berserk           |     2 |     2 |     5 |     7 |     3 ||    19
       Trog's Hand       |       |       |     3 |     3 |     7 ||    13
       Brothers in Arms  |       |       |       |     2 |     3 ||     5
 Abil: Evoke Teleportati |       |       |       |     1 |       ||     1
Evoke: Wand              |       |       |       |       |     4 ||     4
  Use: Scroll            |       |     8 |     1 |    11 |     3 ||    23
       Potion            |       |       |       |       |     3 ||     3
 Stab: Sleeping          |     1 |       |       |       |       ||     1
       Confused          |       |       |       |       |     1 ||     1
  Eat: Pizza             |       |     1 |       |       |       ||     1
       Chunk             |       |     1 |     6 |    15 |     9 ||    31
       Bread ration      |       |     1 |       |     2 |       ||     3
       Beef jerky        |       |       |       |     2 |     2 ||     4
       Fruit             |       |       |       |       |     1 ||     1
